[Event "Friday Night Engine Tour 13 rd Swiss 3m+1s Starts at 2200hrs ST"]
[Site "Infinity Chess"]
[Date "2018.4.13"]
[Round "2"]
[White "KRAKEN"]
[Black "Victorious"]
[Result "1/2-1/2"]
[ECO "D43"]
[WhiteElo "2582"]
[BlackElo "2609"]
[WhiteEngine "Raubfisch X38b_CTG"]
[BlackEngine "Cfish_x64_060418_LTO_popcnt"]
[EventType "Swiss"]
[WhiteTeam ""]
[BlackTeam ""]
[PlyCount "148"]
[TimeControl "180+1"]

1. d4 d5 2. c4 e6 3. Nc3 Nf6 4. Nf3 c6 5. Bg5 Nbd7 6. e3 h6 7. Bf4 Nh5 
8. Be5 Nhf6 9. Bg3 Nh5 10. Be5 Nhf6 11. Be2 Be7 12. O-O O-O 13. Bf4 dxc4 
14. Bxc4 b5 15. Bd3 Bb7 16. a3 a5 17. Rc1 b4 18. axb4 axb4 19. Ne4 c5 
20. Nd6 Bxf3 21. Qxf3 cxd4 22. exd4 Qb6 23. Nb5 Nd5 24. Bc7 Qb7 25. Bg3 N7f6 
26. Rc2 Ra2 27. Nd6 Qa8 28. Qe2 Rd8 29. Nb5 b3 30. Rc4 Rc8 31. Be5 Rxc4 
32. Bxc4 Qa4 33. Bd3 Ra1 34. g3 Rxf1+ 35. Kxf1 Nd7 36. Qe4 N5f6 37. Qb7 Bf8 
38. Bxf6 Nxf6 39. Qf3 Qa1+ 40. Kg2 Qxb2 41. Bc4 Qd2 42. Qxb3 g5 43. Qf3 Kg7 
44. h3 Bb4 45. Qe3 Qc2 46. Qe2 Qxe2 47. Bxe2 Kg6 48. Kf3 Ng8 49. Bd3+ Kf6 
50. Ke3 Ke7 51. Bc2 Nf6 52. Bb3 Kd7 53. Ba4 g4 54. hxg4 Nxg4+ 55. Kf3 Nf6 
56. Na3+ Kd6 57. Nc4+ Ke7 58. g4 Bc3 59. Ne5 Nd5 60. Bb3 f6 61. Nd3 Bxd4 
62. Ke4 Bb6 63. Bxd5 exd5+ 64. Kf5 Kf7 65. Nb4 d4 66. f3 Ba5 67. Nd3 Bb6 
68. f4 Bc7 69. g5 h5 70. gxf6 h4 71. Ne5+ Bxe5 72. fxe5 h3 73. e6+ Kf8 
74. Kg6 h2 1/2-1/2

[Event "Friday Night Engine Tour 13 rd Swiss 3m+1s Starts at 2200hrs ST"]
[Site "Infinity Chess"]
[Date "2018.4.13"]
[Round "1"]
[White "star99"]
[Black "alexxx97"]
[Result "1-0 "]
[ECO "D05"]
[WhiteElo "2516"]
[BlackElo "2375"]
[WhiteEngine "Cryptic Heroes 9.4B"]
[BlackEngine "stockfish_9_x64_popcnt_CTG"]
[EventType "Swiss"]
[WhiteTeam ""]
[BlackTeam ""]
[PlyCount "190"]
[TimeControl "180+1"]

1. d4 d5 2. Nf3 Nf6 3. e3 e6 4. Nbd2 Nbd7 5. c4 b6 6. b3 Bb7 7. Bd3 Be7 
8. O-O O-O 9. Bb2 c5 10. Qe2 Rc8 11. Rfd1 cxd4 12. Nxd4 Qc7 13. cxd5 Nxd5 
14. Qh5 N5f6 15. Qh3 Qb8 16. Be2 Rfd8 17. Nxe6 fxe6 18. Qxe6+ Kf8 19. Bc4 Rxc4 
20. Nxc4 Nc5 21. Qe5 Qa8 22. Rxd8+ Qxd8 23. Qd4 Qd5 24. f3 Nd3 25. e4 Qc5 
26. Bc3 b5 27. Ne3 Nf4 28. Kh1 Ne2 29. Qxc5 Bxc5 30. Bb2 Nd4 31. Rc1 Ne6 
32. Nf5 b4 33. Rd1 Ne8 34. Be5 a5 35. Rd7 Bc6 36. Rd1 Kf7 37. g4 Nf6 
38. Nd4 Bxd4 39. Bxd4 Nd7 40. Kg2 Ke8 41. Be3 Bb7 42. Rc1 Ke7 43. Kg3 Kd6 
44. h4 Ke7 45. a3 Ne5 46. axb4 axb4 47. Bc5+ Ke8 48. Bxb4 Nd3 49. Rc4 Ne5 
50. Rc3 Kd7 51. Ba5 Bc6 52. Rc1 Nd3 53. Ra1 Nd4 54. Bb6 Ne2+ 55. Kh2 Kd6 
56. Be3 Nb4 57. Kg2 Nd3 58. Ra2 Nc3 59. Ra7 Bd7 60. Bd4 Ne2 61. Bxg7 Ke6 
62. Bh6 Nc3 63. Ra6+ Kf7 64. Rd6 Bb5 65. Bd2 Ne2 66. Rb6 Bd7 67. Rh6 Kg8 
68. Rf6 Kg7 69. Rd6 Bb5 70. Be3 Kf7 71. Rb6 Be8 72. Rb7+ Kg8 73. Bh6 Nef4+ 
74. Bxf4 Nxf4+ 75. Kf2 Nd3+ 76. Ke3 Ne1 77. b4 Nc2+ 78. Kd2 Na3 79. Kd3 Bc6 
80. Rb8+ Kf7 81. Kd4 Bb5 82. Rb7+ Kg8 83. f4 Bf1 84. g5 Ba6 85. Rb6 Be2 
86. f5 Nc2+ 87. Ke5 Ne3 88. Ke6 h6 89. f6 Bg4+ 90. Ke7 Bh5 91. Rb8+ Kh7 
92. f7 Bxf7 93. Kxf7 hxg5 94. hxg5 Ng4 95. Rb5 Nf2 1-0

[Event "Friday Night Engine Tour 13 rd Swiss 3m+1s Starts at 2200hrs ST"]
[Site "Infinity Chess"]
[Date "2018.4.13"]
[Round "1"]
[White "klasman"]
[Black "incredible"]
[Result "1/2-1/2 "]
[ECO "B90"]
[WhiteElo "2398"]
[BlackElo "2519"]
[WhiteEngine "Raubfisch ME262_GTZ17a."]
[BlackEngine "stockfish_18041209_x64_bmi2"]
[EventType "Swiss"]
[WhiteTeam ""]
[BlackTeam ""]
[PlyCount "170"]
[TimeControl "180+1"]

1. e4 c5 2. Nf3 d6 3. d4 cxd4 4. Nxd4 Nf6 5. Nc3 a6 6. Be3 e5 7. Nb3 Be6 
8. f3 h5 9. Qd2 Be7 10. Nd5 Nxd5 11. exd5 Bf5 12. Be2 Nd7 13. O-O h4 14. Na5 Qc8 
15. h3 Qxc2 16. Qxc2 Bxc2 17. Nxb7 Nf6 18. Bc4 O-O 19. Na5 Nh5 20. Rfe1 Bf6 
21. Nc6 Rfe8 22. Rac1 Bh7 23. b4 e4 24. f4 Ng3 25. a4 Nf5 26. Bd2 Bb2 
27. Rc2 Bd4+ 28. Nxd4 Nxd4 29. Rcc1 Nf5 30. b5 e3 31. Ba5 axb5 32. Bxb5 Re4 
33. Bb6 Nd4 34. Bc6 Nxc6 35. dxc6 Rexa4 36. c7 Bf5 37. Bxe3 Re4 38. Bd2 Rxe1+ 
39. Bxe1 f6 40. Bxh4 Kf7 41. Rc3 Bc8 42. Be1 Ke6 43. Re3+ Kf7 44. Bb4 Ra6 
45. Rd3 Ke7 46. Re3+ Kf7 47. Rc3 Ke6 48. Kh2 Ra4 49. f5+ Kd7 50. Ba3 Ra7 
51. Rg3 Kc6 52. Rd3 Bxf5 53. g4 Bc8 54. Bxd6 Ra6 55. Kg3 g5 56. Be7 Kxc7 
57. Rf3 Bb7 58. Rxf6 Rxf6 59. Bxf6 Kd6 60. Bxg5 Ke6 61. Bd2 Kf6 62. h4 Bh1 
63. Bc3+ Kg6 64. Bd2 Kf6 65. Bc3+ Kg6 66. h5+ Kh7 67. Bd4 Bc6 68. Kh3 Bf3 
69. Bf6 Kh6 70. Be7 Be4 71. Bd6 Kg5 72. Be7+ Kh6 73. Bf8+ Kg5 74. Kg3 Bb1 
75. Be7+ Kh6 76. Bc5 Kg5 77. Bd4 Be4 78. Be3+ Kf6 79. Bc1 Bc2 80. Be3 Bb1 
81. Bc5 Kg5 82. Be3+ Kf6 83. Kf4 Kf7 84. Bb6 Bd3 85. Bd8 Kg7 1/2-1/2

[Event "Friday Night Engine Tour 13 rd Swiss 3m+1s Starts at 2200hrs ST"]
[Site "Infinity Chess"]
[Date "2018.4.13"]
[Round "1"]
[White "Vimtiroba"]
[Black "Dovahkiin"]
[Result "1/2-1/2"]
[ECO "C50"]
[WhiteElo "2531"]
[BlackElo "2400"]
[WhiteEngine "SF9 ''A5''_CTG"]
[BlackEngine "Raubfisch ME262_GTZ16f_CTG"]
[EventType "Swiss"]
[WhiteTeam ""]
[BlackTeam ""]
[PlyCount "82"]
[TimeControl "180+1"]

1. e4 e5 2. Nf3 Nc6 3. Bc4 Bc5 4. d3 Nf6 5. c3 d6 6. O-O a5 7. Re1 O-O 8. Bb3 h6 
9. h3 Bb6 10. Nbd2 Be6 11. Bxe6 fxe6 12. Nc4 Ba7 13. Be3 Bxe3 14. Rxe3 b5 
15. Ncd2 a4 16. Rc1 Qb8 17. d4 Nd7 18. Nb1 Qb6 19. Na3 Rf7 20. Nc2 Na5 
21. Rb1 exd4 22. cxd4 c5 23. b3 axb3 24. axb3 Nc6 25. dxc5 dxc5 26. Nce1 Nce5 
27. Qe2 Raf8 28. Rc1 b4 29. Rd1 c4 30. bxc4 Nxf3+ 31. Rxf3 Rxf3 32. Nxf3 Nc5 
33. Rb1 b3 34. Nd4 Na4 35. Nb5 b2 36. Qc2 Qc5 37. Qxa4 Qxf2+ 38. Kh2 Qf4+ 
39. Kg1 Qf2+ 40. Kh2 Qf4+ 41. Kg1 Qf2+ 1/2-1/2

[Event "Friday Night Engine Tour 13 rd Swiss 3m+1s Starts at 2200hrs ST"]
[Site "Infinity Chess"]
[Date "2018.4.13"]
[Round "1"]
[White "MGR"]
[Black "Time_bandit"]
[Result "1/2-1/2"]
[ECO "A00"]
[WhiteElo "2500"]
[BlackElo "2563"]
[WhiteEngine "Raubfisch ME262_GTZ17b"]
[BlackEngine "asmFishW_2018-02-02_popcnt"]
[EventType "Swiss"]
[WhiteTeam ""]
[BlackTeam ""]
[PlyCount "157"]
[TimeControl "180+1"]

1. g3 d5 2. Nf3 Nf6 3. Bg2 c5 4. O-O e6 5. d3 Nc6 6. Nbd2 Be7 7. e4 O-O 
8. Re1 Qc7 9. Qe2 b5 10. a4 b4 11. exd5 exd5 12. Nb3 Qb6 13. a5 Qb5 14. Ne5 Re8 
15. Nxc6 Qxc6 16. Bf4 Bf8 17. Qd2 Bf5 18. h3 h6 19. g4 Bh7 20. Be5 Rad8 
21. Bxf6 Qxf6 22. Rxe8 Rxe8 23. d4 cxd4 24. Qxd4 Qxd4 25. Nxd4 Rc8 26. a6 Rc5 
27. Rc1 g5 28. c3 Bg7 29. Re1 bxc3 30. Re8+ Bf8 31. bxc3 Rxc3 32. Bxd5 Ra3 
33. Bc4 Kg7 34. Rc8 Rc3 35. Ne2 Rc2 36. Ng3 Bg6 37. Rc6 Bb4 38. Nf5+ Kh7 
39. Kf1 h5 40. Bd5 Rxc6 41. Bxc6 Bxf5 42. gxf5 Kg7 43. Kg2 Kf6 44. Bd5 Ke7 
45. Bb3 Be1 46. Kf3 f6 47. Bd1 Kd6 48. Ke4 Bxf2 49. Bxh5 Kc5 50. Bf3 Bg3 
51. Bh5 Kb6 52. Be2 Kc5 53. Bf3 Be1 54. Bg4 Bd2 55. Be2 Kd6 56. Kd4 Ba5 
57. Ke4 Bb4 58. Bg4 Ba3 59. Bh5 Kc6 60. Be2 Bb4 61. Bc4 Kc5 62. Bf1 Kb6 
63. Be2 Bd6 64. Kd5 Bf4 65. Bd3 Bg3 66. Be2 Be5 67. Bc4 Bf4 68. Be2 Bc7 
69. Ke6 Be5 70. Kd5 Bc7 71. Ke6 Be5 72. Kd5 Bf4 73. Kd4 Kc6 74. Bf3+ Kb5 
75. Be2+ Kc6 76. Bh5 Be5+ 77. Ke4 Kb5 78. Be2+ Kb6 79. Kd5 1/2-1/2

[Event "Friday Night Engine Tour 13 rd Swiss 3m+1s Starts at 2200hrs ST"]
[Site "Infinity Chess"]
[Date "2018.4.13"]
[Round "1"]
[White "KRAKEN"]
[Black "RonWeasley"]
[Result "1-0"]
[ECO "E10"]
[WhiteElo "2569"]
[BlackElo "2500"]
[WhiteEngine "Raubfisch X38b_CTG"]
[BlackEngine "BrainFish 090218_CTG"]
[EventType "Swiss"]
[WhiteTeam ""]
[BlackTeam ""]
[PlyCount "163"]
[TimeControl "180+1"]

1. d4 Nf6 2. c4 e6 3. Nf3 d5 4. Nc3 c6 5. Bg5 h6 6. Bxf6 Qxf6 7. e3 Nd7 
8. Be2 g6 9. O-O Be7 10. Nd2 O-O 11. Rc1 Qg7 12. Qc2 Rd8 13. a3 g5 14. Kh1 g4 
15. f3 h5 16. cxd5 cxd5 17. fxg4 hxg4 18. Bxg4 Qxg4 19. Rf3 Kf8 20. Rcf1 Nf6 
21. Rxf6 Bxf6 22. Rxf6 Ke7 23. Rf4 Qg7 24. Nf3 Bd7 25. Ne5 f5 26. g4 Rg8 
27. h4 Rac8 28. g5 Rh8 29. Kg2 Rh7 30. Qb3 b6 31. a4 Kd8 32. a5 bxa5 33. Qa3 a4 
34. Nxa4 Rc2+ 35. Kh3 Ke8 36. Qd6 Bxa4 37. Qxe6+ Kd8 38. Qxd5+ Bd7 39. g6 Rh6 
40. Qf7 Rxg6 41. Qxg6 Qxg6 42. Nxg6 Rxb2 43. h5 Rb1 44. Kg3 Rg1+ 45. Kf2 Rg5 
46. Rh4 Be8 47. Nf4 Rg8 48. h6 Rh8 49. h7 Bf7 50. Rh6 a5 51. Nh3 Bc4 52. Ng5 Ke7 
53. Kg3 a4 54. Rc6 Bb3 55. Kf4 Kd7 56. Ra6 Kc7 57. Kxf5 Kb7 58. Rh6 a3 
59. e4 Bc4 60. Kg6 a2 61. Rh1 Rc8 62. d5 Kc7 63. Ra1 Re8 64. Kg7 Kd6 
65. h8=Q Rxh8 66. Nf7+ Kc5 67. Kxh8 Kb4 68. Ne5 Bb3 69. d6 Be6 70. Rxa2 Bxa2 
71. d7 Bb3 72. d8=Q Kc5 73. Qd3 Kb4 74. Nc6+ Kc5 75. Qxb3 Kxc6 76. Qd5+ Kc7 
77. e5 Kb6 78. e6 Kc7 79. e7 Kb6 80. e8=Q Ka6 81. Qea8+ Kb6 82. Qaa5# 1-0

[Event "Friday Night Engine Tour 13 rd Swiss 3m+1s Starts at 2200hrs ST"]
[Site "Infinity Chess"]
[Date "2018.4.13"]
[Round "1"]
[White "Cepri"]
[Black "MCDermont"]
[Result "1/2-1/2"]
[ECO "C55"]
[WhiteElo "2507"]
[BlackElo "2583"]
[WhiteEngine "asmfishw_08A18b_CTG"]
[BlackEngine "BrainFish 090218"]
[EventType "Swiss"]
[WhiteTeam ""]
[BlackTeam ""]
[PlyCount "82"]
[TimeControl "180+1"]

1. e4 e5 2. Nf3 Nc6 3. Bc4 Nf6 4. d3 Bc5 5. c3 d6 6. O-O O-O 7. h3 a5 
8. Nbd2 Be6 9. Bb5 h6 10. Re1 Qb8 11. Nf1 Qa7 12. Be3 Bxe3 13. Nxe3 Ne7 
14. a4 Ng6 15. Bc4 Nf4 16. Qc2 Bxc4 17. Nxc4 Qa6 18. b3 Rfe8 19. Kh2 Qc6 
20. Rad1 b6 21. d4 exd4 22. Nxd4 Qc5 23. g3 Ne6 24. e5 dxe5 25. Rxe5 Nxd4 
26. cxd4 Qc6 27. d5 Qc5 28. Rf5 Ne4 29. Rf4 Nd6 30. Kg2 Rad8 31. Qd3 Nxc4 
32. Rxc4 Qd6 33. Qf3 c5 34. Re4 g6 35. Rxe8+ Rxe8 36. Qd3 Kf8 37. h4 h5 
38. Qc3 Kg8 39. Qd3 Kf8 40. Qc3 Kg8 41. Qd3 Kf8 1/2-1/2

[Event "Friday Night Engine Tour 13 rd Swiss 3m+1s Starts at 2200hrs ST"]
[Site "Infinity Chess"]
[Date "2018.4.13"]
[Round "1"]
[White "Victorious"]
[Black "localhero"]
[Result "1-0"]
[ECO "C55"]
[WhiteElo "2596"]
[BlackElo "2513"]
[WhiteEngine "Cfish_x64_060418_LTO_popcnt"]
[BlackEngine "asmFishW_2017-10-04_popcnt"]
[EventType "Swiss"]
[WhiteTeam ""]
[BlackTeam ""]
[PlyCount "143"]
[TimeControl "180+1"]

1. e4 e5 2. Nf3 Nc6 3. Bc4 Nf6 4. d3 Bc5 5. O-O d6 6. c3 a5 7. Re1 O-O 
8. Nbd2 h6 9. Nf1 a4 10. h3 Ra5 11. Ng3 Bb6 12. Qc2 Bd7 13. Rb1 Qe8 14. b4 axb3 
15. axb3 Ra8 16. Bd2 Be6 17. Qc1 Nh7 18. d4 exd4 19. Bxh6 Bxc4 20. Bxg7 Qe6 
21. bxc4 Kxg7 22. cxd4 Qg6 23. Rxb6 cxb6 24. Nh4 Qg5 25. f4 Qa5 26. Ngf5+ Kh8 
27. d5 Qa3 28. Qd1 Qc3 29. dxc6 bxc6 30. Rf1 Qf6 31. Kh2 Rfe8 32. Qc2 Re6 
33. Nf3 c5 34. Rb1 Nf8 35. Ng5 Nh7 36. h4 Kg8 37. Rxb6 Nxg5 38. hxg5 Qh8+ 
39. Kg3 Rae8 40. Rb7 Qa1 41. Kg4 Ra8 42. Rb1 Qa3 43. Nh6+ Kf8 44. e5 Qa2 
45. Rb8+ Re8 46. Rb7 Re7 47. Rb8+ Re8 48. Rb7 Re7 49. Rb2 Qa4 50. Qxa4 Rxa4 
51. exd6 Rd7 52. Rb8+ Kg7 53. Nf5+ Kh7 54. Rc8 Ra2 55. Rc7 Ra7 56. Rxc5 Rd8 
57. Rd5 Ra2 58. g3 Ra1 59. c5 Rda8 60. c6 Rc1 61. c7 Rc4 62. Rb5 Rc8 63. Rb7 Kg6 
64. Ne7+ Kh7 65. Nxc8 Kg6 66. Ne7+ Kh7 67. d7 f5+ 68. Nxf5 Kg6 69. c8=Q Rxf4+ 
70. gxf4 Kh7 71. Qg8+ Kxg8 72. d8=Q# 1-0

[Event "Friday Night Engine Tour 7rd Swiss 12m+1s Starts at 2200hrs ST"]
[Site "Infinity Chess"]
[Date "2018.4.7"]
[Round "7"]
[White "TasicV"]
[Black "MrScience"]
[Result "1/2-1/2"]
[ECO "C50"]
[WhiteElo "2375"]
[BlackElo "2415"]
[WhiteEngine "SugaR.XPrO.1.4.64.POCNT_CTG"]
[BlackEngine "cfish"]
[EventType "Swiss"]
[WhiteTeam ""]
[BlackTeam ""]
[PlyCount "111"]
[TimeControl "720+1"]

1. e4 e5 2. Nf3 Nc6 3. Bc4 Bc5 4. O-O Nf6 5. d3 d6 6. c3 O-O 7. h3 a5 8. Nbd2 h6 
9. Re1 Be6 10. a4 Bxc4 11. Nxc4 Re8 12. Be3 Bxe3 13. Nxe3 b6 14. Qb3 Ne7 
15. g3 Ng6 16. Kg2 Qd7 17. Nd5 Nxd5 18. Qxd5 Rab8 19. b4 c6 20. Qb3 Nf8 
21. d4 exd4 22. Nxd4 Nh7 23. Qd1 Nf6 24. f3 axb4 25. cxb4 c5 26. Nb5 Red8 
27. bxc5 bxc5 28. Rc1 Ra8 29. Re2 Qc6 30. Rd2 d5 31. h4 g6 32. e5 Ne8 
33. h5 gxh5 34. Nc3 d4 35. Ne4 Qxa4 36. Qxa4 Rxa4 37. Nxc5 Ra3 38. Kf2 Ng7 
39. Ne4 h4 40. gxh4 Nf5 41. h5 Kg7 42. Rg1+ Kf8 43. Rb2 Ke7 44. f4 Ke6 
45. Rb6+ Kd5 46. Re1 d3 47. Rb5+ Ke6 48. Rd1 Nd4 49. Rb6+ Kf5 50. Nd6+ Kxf4 
51. Rb4 Ra2+ 52. Kf1 Ke3 53. Nc4+ Kf4 54. Nd6 Ke3 55. Nc4+ Kf4 56. Nd6 1/2-1/2

[Event "Friday Night Engine Tour 7rd Swiss 12m+1s Starts at 2200hrs ST"]
[Site "Infinity Chess"]
[Date "2018.4.7"]
[Round "7"]
[White "Victorious"]
[Black "Dovahkiin"]
[Result "1/2-1/2"]
[ECO "C50"]
[WhiteElo "2475"]
[BlackElo "2353"]
[WhiteEngine "CF180327N73vk"]
[BlackEngine "corchess_x64_modern_CTG"]
[EventType "Swiss"]
[WhiteTeam ""]
[BlackTeam ""]
[PlyCount "144"]
[TimeControl "720+1"]

1. e4 e5 2. Nf3 Nc6 3. Bc4 Bc5 4. O-O Nf6 5. d3 d6 6. c3 a5 7. Nbd2 O-O 
8. Re1 h6 9. Nf1 a4 10. h3 Ra5 11. Ng3 Be6 12. Bxe6 fxe6 13. Qc2 Nh7 14. Qe2 Qe8 
15. Be3 Bxe3 16. Qxe3 Qe7 17. Red1 Raa8 18. d4 Qf6 19. Qe2 Ng5 20. Nxg5 Qxg5 
21. Qc4 Qf6 22. Rd2 Qf7 23. Re1 Qd7 24. Qe2 Rf7 25. Qd3 Ra5 26. Rf1 Qe7 
27. Ne2 Qg5 28. Rdd1 exd4 29. cxd4 d5 30. exd5 Rxd5 31. Qc4 Rb5 32. Rb1 Qd5 
33. Qxa4 Ra5 34. Qc2 Qxa2 35. Rbd1 Qd5 36. Qd3 Qf5 37. Qc3 Rd5 38. Qe3 Rd8 
39. Rfe1 Qf6 40. Rd2 b6 41. f3 Rfd7 42. Rc2 e5 43. dxe5 Nxe5 44. Nf4 Re7 
45. Rce2 Rdd7 46. Qb3+ Qf7 47. Qxf7+ Rxf7 48. Ne6 Nd3 49. Ra1 Nf4 50. Nxf4 Rxf4 
51. Ra7 Rfd4 52. Rb7 Rc4 53. Kf2 h5 54. Rb8+ Kh7 55. Rbe8 Rd3 56. R8e5 h4 
57. R5e4 Rxe4 58. Rxe4 Rd2+ 59. Ke3 Rxb2 60. Rxh4+ Kg8 61. Rc4 c5 62. Rg4 b5 
63. Rg5 b4 64. Rxc5 Rxg2 65. Rb5 Rb2 66. Rb7 Rb1 67. Kd4 b3 68. f4 b2 
69. Kc3 Rc1+ 70. Kxb2 Rc4 71. h4 Rxf4 72. Rb8+ Kh7 1/2-1/2

[Event "Friday Night Engine Tour 7rd Swiss 12m+1s Starts at 2200hrs ST"]
[Site "Infinity Chess"]
[Date "2018.4.7"]
[Round "7"]
[White "ocirema"]
[Black "OlivierEvan"]
[Result "1-0"]
[ECO "B06"]
[WhiteElo "2420"]
[BlackElo "2438"]
[WhiteEngine "asmFishW_2018-04-01_popcnt"]
[BlackEngine "Houdini 6"]
[EventType "Swiss"]
[WhiteTeam ""]
[BlackTeam ""]
[PlyCount "95"]
[TimeControl "720+1"]

1. e4 g6 2. d4 Bg7 3. Be3 Nf6 4. f3 O-O 5. Qd2 d5 6. e5 Nfd7 7. f4 f6 8. Nc3 c5 
9. e6 Ne5 10. dxc5 Ng4 11. O-O-O Bxe6 12. Bc4 Bf7 13. Bxd5 Bxd5 14. Nxd5 e6 
15. Qe2 Nxe3 16. Nxe3 Qa5 17. Kb1 Qxc5 18. Nf3 Re8 19. h4 Nc6 20. h5 Rad8 
21. Rxd8 Rxd8 22. Nd1 e5 23. hxg6 hxg6 24. Nh4 Kf7 25. f5 g5 26. Nf3 Ne7 
27. g4 Nd5 28. Nd2 Nf4 29. Ne4 Nxe2 30. Nxc5 Bf8 31. Ne4 Be7 32. Ndf2 Nf4 
33. Rh7+ Ke8 34. Rh8+ Kd7 35. Rh6 Ke8 36. c3 Nd5 37. a4 Rc8 38. Rh3 Rc7 
39. b3 Rd7 40. Kc2 Nf4 41. Rh8+ Kf7 42. Rh7+ Ke8 43. b4 b6 44. Kb3 Nd5 
45. Rh1 Nf4 46. Rd1 Nd5 47. Rd3 Nc7 48. c4 1-0

[Event "Friday Night Engine Tour 7rd Swiss 12m+1s Starts at 2200hrs ST"]
[Site "Infinity Chess"]
[Date "2018.4.7"]
[Round "7"]
[White "Coco69"]
[Black "Vimtiroba"]
[Result "1/2-1/2"]
[ECO "C50"]
[WhiteElo "2423"]
[BlackElo "2367"]
[WhiteEngine "Raubfisch X38_CTG"]
[BlackEngine "SF9 ''M26''_CTG"]
[EventType "Swiss"]
[WhiteTeam ""]
[BlackTeam ""]
[PlyCount "51"]
[TimeControl "720+1"]

1. e4 e5 2. Nf3 Nc6 3. Bc4 Bc5 4. O-O d6 5. c3 Nf6 6. b4 Bb6 7. a4 a5 8. b5 Ne7 
9. Re1 O-O 10. d4 exd4 11. cxd4 d5 12. exd5 Nexd5 13. h3 Be6 14. Bg5 h6 
15. Bh4 Re8 16. Nbd2 Nf4 17. Qc2 g5 18. Bg3 N6h5 19. Rad1 Qf6 20. Bxe6 Rxe6 
21. Rxe6 Qxe6 22. Nc4 Qe2 23. Rd2 Qe6 24. Rd1 Qe2 25. Rd2 Qe6 26. Rd1 1/2-1/2

[Event "Friday Night Engine Tour 7rd Swiss 12m+1s Starts at 2200hrs ST"]
[Site "Infinity Chess"]
[Date "2018.4.7"]
[Round "7"]
[White "CoffeeOne"]
[Black "fati64"]
[Result "1/2-1/2"]
[ECO "C50"]
[WhiteElo "2458"]
[BlackElo "2433"]
[WhiteEngine "stockfish_9"]
[BlackEngine "BrainFish_180404_x64"]
[EventType "Swiss"]
[WhiteTeam ""]
[BlackTeam ""]
[PlyCount "197"]
[TimeControl "720+1"]

1. e4 e5 2. Nf3 Nc6 3. Bc4 Bc5 4. O-O Nf6 5. d3 d6 6. c3 O-O 7. Nbd2 a6 
8. a4 Ba7 9. h3 Ne7 10. Re1 Ng6 11. d4 c6 12. Bf1 Re8 13. Qc2 Qc7 14. dxe5 Nxe5 
15. Nxe5 dxe5 16. a5 h6 17. Nf3 Qe7 18. Bd2 Nh7 19. Qc1 Qf6 20. Be3 Bxe3 
21. Qxe3 Be6 22. Rad1 Ng5 23. Nd2 Rad8 24. h4 Nh7 25. g3 g5 26. Nf3 Rxd1 
27. Rxd1 Bg4 28. Be2 Bxf3 29. Qxf3 Qxf3 30. Bxf3 gxh4 31. gxh4 Nf6 32. Rd6 Re6 
33. Rd8+ Re8 34. Rxe8+ Nxe8 35. Kf1 Nd6 36. Ke2 c5 37. Kd3 c4+ 38. Ke3 Kf8 
39. Be2 Ke7 40. Bg4 Nb5 41. Bd1 Nd6 42. Bg4 Nb5 43. Bf3 Ke6 44. Bd1 Nd6 
45. Bh5 Nb5 46. Kd2 Nd6 47. Ke3 Ke7 48. Bf3 Ne8 49. Bg2 Nd6 50. Bf1 Ke6 
51. Kf3 Kf6 52. Bh3 Kg6 53. Bg4 Kf6 54. Ke3 Ke7 55. Be2 Ke6 56. Bf3 Kd7 
57. Bg2 Ke7 58. Bh3 Nb5 59. Bc8 Nd6 60. Bh3 Nb5 61. Kf3 Nd6 62. Bf1 Kf6 
63. Bg2 Kg6 64. Kg3 Nc8 65. Bh3 Nd6 66. Bg2 Nc8 67. f3 b5 68. Bh3 Nd6 69. Bd7 h5 
70. Bc6 f6 71. Kf2 Kf7 72. Bd5+ Ke7 73. f4 Kd8 74. fxe5 fxe5 75. Ke3 Kd7 
76. Ke2 Kc7 77. Kf3 Kd7 78. Kg3 Kc7 79. Kf3 Kd8 80. Kg3 Kd7 81. Kf2 Kc7 
82. Ke3 Kd7 83. b3 cxb3 84. Bxb3 Kc6 85. Be6 Kc5 86. Kd3 b4 87. Bb3 bxc3 
88. Bd1 Kb5 89. Bxh5 c2 90. Kxc2 Nxe4 91. Kb3 Nd2+ 92. Kc2 Ne4 93. Bd1 Nf6 
94. h5 e4 95. h6 Kxa5 96. h7 Nxh7 97. Kc3 Ng5 98. Kc4 e3 99. Be2 1/2-1/2

[Event "Friday Night Engine Tour 7rd Swiss 12m+1s Starts at 2200hrs ST"]
[Site "Infinity Chess"]
[Date "2018.4.7"]
[Round "7"]
[White "Deep_Impact"]
[Black "Macho"]
[Result "1/2-1/2"]
[ECO "C77"]
[WhiteElo "2468"]
[BlackElo "2427"]
[WhiteEngine "BrainFish_180404_x64_modern"]
[BlackEngine "CiChess_2.1a_x64_200318_popcnt"]
[EventType "Swiss"]
[WhiteTeam ""]
[BlackTeam ""]
[PlyCount "163"]
[TimeControl "720+1"]

1. e4 e5 2. Nf3 Nc6 3. Bb5 a6 4. Ba4 Nf6 5. O-O Be7 6. Re1 b5 7. Bb3 O-O 
8. c3 d5 9. exd5 Nxd5 10. Nxe5 Nxe5 11. Rxe5 c6 12. Re1 Bd6 13. d3 Bf5 
14. Qf3 Qh4 15. g3 Qh3 16. Be3 Bxd3 17. Nd2 Qf5 18. a4 b4 19. Bd4 bxc3 
20. Qxf5 Bxf5 21. bxc3 a5 22. Nc4 Rfd8 23. Nxd6 Rxd6 24. Re5 Be6 25. Bc4 h6 
26. Bf1 Nf6 27. Rb1 Nd7 28. Ree1 Ba2 29. Rb2 Bd5 30. Bg2 Rd8 31. Reb1 Be6 
32. h3 Bd5 33. Kh2 Bxg2 34. Kxg2 Rd5 35. Be3 Ne5 36. Rb8 Nc4 37. Bd4 h5 
38. R1b7 Rxb8 39. Rxb8+ Kh7 40. Kf3 f6 41. Rb7 Kg6 42. Ke2 c5 43. Rb5 Kf5 
44. Rxc5 Rxc5 45. Bxc5 Ke6 46. Kf3 Nb2 47. Bb6 Nc4 48. Bd4 Kf5 49. Ba7 Ke5 
50. g4 hxg4+ 51. Kxg4 Ke6 52. Kf3 Kf5 53. h4 g6 54. Bb8 g5 55. h5 g4+ 
56. Kg3 Kg5 57. h6 Kxh6 58. Kxg4 Kg6 59. f3 Ne3+ 60. Kg3 Nd5 61. c4 Nb6 
62. c5 Nxa4 63. c6 Kf5 64. f4 Ke6 65. Kf3 Kd5 66. c7 Nb6 67. Ba7 Nc8 68. Be3 f5 
69. Bd2 a4 70. Bc1 Kc6 71. Bb2 Kxc7 72. Ke3 a3 73. Ba1 Nd6 74. Kd4 a2 
75. Bb2 Kc6 76. Ba1 Ne8 77. Bb2 Kb5 78. Ke5 a1=Q 79. Bxa1 Ng7 80. Bb2 Kb6 
81. Kf6 Nh5+ 82. Kxf5 1/2-1/2

[Event "Friday Night Engine Tour 7rd Swiss 12m+1s Starts at 2200hrs ST"]
[Site "Infinity Chess"]
[Date "2018.4.7"]
[Round "7"]
[White "star99"]
[Black "RonWeasley"]
[Result "1-0"]
[ECO "C00"]
[WhiteElo "2440"]
[BlackElo "2473"]
[WhiteEngine "Cryptic Heroes 9.3B"]
[BlackEngine "BrainFish 010418 WM_CTG"]
[EventType "Swiss"]
[WhiteTeam ""]
[BlackTeam ""]
[PlyCount "175"]
[TimeControl "720+1"]

1. e4 e6 2. Nc3 d5 3. d4 Nf6 4. Bg5 Bb4 5. e5 h6 6. Bc1 Ne4 7. Qg4 Kf8 
8. a3 Bxc3+ 9. bxc3 Nxc3 10. Bd3 b6 11. a4 c5 12. Bb2 c4 13. Bxc4 Nxa4 
14. Rxa4 dxc4 15. Rxc4 Nd7 16. Ne2 Bb7 17. Nf4 Kg8 18. h4 Rh7 19. Rc3 b5 
20. O-O Nb6 21. Nh5 Kh8 22. Ra1 Qd7 23. Bc1 Nd5 24. Rc5 Nb6 25. Rc3 Nd5 
26. Rc5 Nb6 27. c4 bxc4 28. Ra3 Qd8 29. Rg3 Nd5 30. Rxc4 g6 31. Nf4 Qa5 
32. Qd1 Qd8 33. Nxd5 Bxd5 34. Rc2 Be4 35. Rc5 Rc8 36. Rxc8 Qxc8 37. Qe1 Qa8 
38. Ba3 Rg7 39. Qe3 Kh7 40. Bc1 g5 41. hxg5 h5 42. Rh3 Kg8 43. f3 Bf5 
44. Rxh5 Bg6 45. Rh4 Rh7 46. Rxh7 Kxh7 47. Ba3 Qd8 48. Bd6 Bf5 49. Kf2 Bg6 
50. d5 a5 51. Qf4 Qd7 52. Qh4+ Kg8 53. Qc4 Kh7 54. dxe6 Qxe6 55. Qh4+ Kg8 
56. Qd4 Bb1 57. Kg3 Ba2 58. Qc5 Qd5 59. Qc8+ Kh7 60. Qf5+ Kg8 61. Qc8+ Kh7 
62. Qf5+ Kg8 63. g6 Qb7 64. gxf7+ Qxf7 65. Qg5+ Qg7 66. Kh4 Kf7 67. Qxg7+ Kxg7 
68. Kg5 Kg8 69. f4 Kf7 70. f5 Bd5 71. e6+ Bxe6 72. fxe6+ Kxe6 73. Ba3 a4 
74. g4 Kd5 75. Kf5 Kc4 76. g5 Kb3 77. Be7 a3 78. g6 a2 79. Bf6 a1=Q 80. Bxa1 Ka2 
81. g7 Kxa1 82. Ke4 Kb2 83. Kd3 Kb3 84. g8=Q+ Kb4 85. Qd5 Ka3 86. Qb5 Ka2 
87. Kc3 Ka1 88. Qb2# 1-0

[Event "Friday Night Engine Tour 7rd Swiss 12m+1s Starts at 2200hrs ST"]
[Site "Infinity Chess"]
[Date "2018.4.7"]
[Round "7"]
[White "KRAKEN"]
[Black "beka"]
[Result "1/2-1/2"]
[ECO "A04"]
[WhiteElo "2482"]
[BlackElo "2389"]
[WhiteEngine "Raubfisch X38_CTG"]
[BlackEngine "stockfish_18032408_32bit"]
[EventType "Swiss"]
[WhiteTeam ""]
[BlackTeam ""]
[PlyCount "144"]
[TimeControl "720+1"]

1. Nf3 c5 2. e4 d6 3. Bb5+ Nd7 4. a4 Ngf6 5. d3 a6 6. Bc4 e6 7. O-O b6 
8. Bf4 Bb7 9. h3 Be7 10. Bb3 b5 11. Nbd2 O-O 12. c3 e5 13. Bh2 c4 14. dxc4 bxc4 
15. Nxc4 Nxe4 16. Nfd2 Nef6 17. Ne3 g6 18. a5 Qc7 19. Ndc4 Rac8 20. Re1 Rfd8 
21. Ba2 d5 22. Nb6 Nxb6 23. axb6 Qd6 24. Qa4 Qe6 25. Ng4 Nxg4 26. Qxg4 Bd6 
27. Qxe6 fxe6 28. Rxe5 Rc6 29. Re2 Bxh2+ 30. Kxh2 Rxb6 31. Bb1 Kf7 32. Bd3 e5 
33. Rd2 Kf6 34. Ra5 d4 35. Bc4 Rc6 36. b3 Bc8 37. Kg3 Be6 38. Ra4 Rb6 
39. cxd4 exd4 40. Ra3 Rc6 41. Kf3 Bxc4 42. bxc4 h5 43. Ke4 Rxc4 44. Rxa6+ Kg7 
45. f3 Rc1 46. Ra4 Re1+ 47. Kf4 d3 48. Ra3 Re2 49. Rdxd3 Rxd3 50. Rxd3 Rxg2 
51. h4 Rg1 52. Rd2 Rf1 53. Rh2 Kf6 54. Rc2 Rd1 55. Re2 Rh1 56. Kg3 Rd1 
57. Kf2 Rd6 58. Ra2 Rb6 59. Ke3 Rb4 60. Ra6+ Kg7 61. f4 Rb3+ 62. Kd4 Rb4+ 
63. Ke5 Rb5+ 64. Kd4 Rb4+ 65. Ke3 Kf7 66. Ra8 Ke6 67. Ra6+ Kf5 68. Ra5+ Kg4 
69. Rg5+ Kxh4 70. Rxg6 Rb3+ 71. Kd2 Rb5 72. f5 Rxf5 1/2-1/2